 Dungeon Crawl Stone Soup version 0.31-a0-232-gb1c03b2570 (webtiles) character file.

Game seed: 11230065667843040045

74 qw the Shooter (level 4, -2/36 HPs)
             Began as a Minotaur Hexslinger on July 7, 2023.
             Succumbed to a gnoll's poison
             ... on level 3 of the Dungeon.
             The game lasted 00:00:41 (1512 turns).

qw the Shooter (Minotaur Hexslinger)                Turns: 1512, Time: 00:00:42

Health: -2/36      AC:  4    Str: 11 (13) XL:     4   Next: 10%
Magic:  4/4        EV: 12    Int:  7 (10) God:
Gold:   112        SH:  0    Dex: 12 (14) Spells: 4/5 levels left

rFire   . . .        Y - +1 sling
rCold   + . .        (no shield)
rNeg    . . .        f - +2 robe {Will+}
rPois   .            (helmet restricted)
rElec   .            (no cloak)
rCorr   .            (no gloves)
SInv    .            (no boots)
Will    +....        (no amulet)
Stlth   +            j - ring of protection from cold
HPRegen 0.26/turn    (no ring)
MPRegen 0.09/turn

%: no passive effects
@: lethally poisoned (-2 -> -16)
A: horns 2, retaliatory headbutt
a: no special abilities


You were on level 3 of the Dungeon.
You visited 1 branch of the dungeon, and saw 3 of its levels.

You collected 112 gold pieces.


Innate Abilities, Weirdness & Mutations

You have a pair of horns on your head.
You reflexively headbutt those who attack you in melee.


   Skills:
 - Level 2.0 Fighting
 + Level 4.4 Ranged Weapons
 - Level 1.0 Armour
 - Level 2.1 Dodging
 - Level 1.0 Spellcasting
 - Level 2.0 Hexes


You had 4 spell levels left.
You knew the following spells:

 Your Spells              Type           Power      Damage    Failure   Level
a - Slow                  Hex            12%        N/A       19%         1

Your spell library contained the following spells:

 Spells                   Type           Power      Damage    Failure   Level
 Inner Flame              Hex/Fire       1%         N/A       63%         3
 Portal Projectile        Hex/Tloc       2%         N/A       63%         3
 Cause Fear               Hex            1%         N/A       88%         4

Inventory:

Hand Weapons
 Y - a +1 sling (weapon)
Armour
 f - a +2 robe of willpower (worn)
Jewellery
 j - a ring of protection from cold (left hand)
Potions
 b - a potion of lignification {unknown}
 g - a potion of heal wounds {unknown}
 h - a potion of curing {unknown}

Dungeon Overview and Level Annotations

Branches:
Dungeon (3/15)

Altars:
Ru

Shops:
D:3 [

Annotations:
D:3 exclusion: 3 gnolls


Message History

You shoot a sling bullet. The gnoll shouts!
The sling bullet hits the gnoll.
The gnoll is heavily wounded.
You hear a shout!
You hear an angry hiss.
A gnoll comes into view. It is wielding a +0 spear.
1501 ||| Stepping ~*~*~tactically~*~*~ (outnumbered).
You shoot a sling bullet. The sling bullet hits the gnoll.
The gnoll is almost dead.
You shoot a sling bullet. The sling bullet hits the gnoll.
You kill the gnoll!
You have reached level 4!
You feel stronger.
You shoot a sling bullet. The sling bullet hits the gnoll.
The gnoll is lightly wounded.
The gnoll hits you from afar with a +0 spear of venom.
You are poisoned.
You shoot a sling bullet. The sling bullet hits the gnoll.
The gnoll is moderately wounded.
You feel very sick. The gnoll barely misses you.
You shoot a sling bullet. The sling bullet hits the gnoll.
The gnoll is heavily wounded.
You feel sick. The gnoll closely misses you. The gnoll barely misses you.
You shoot a sling bullet. The sling bullet hits the gnoll.
The gnoll is almost dead.
You feel sick.
The gnoll hits you from afar with a +0 spear of venom!
You are lethally poisoned!
You shoot a sling bullet.
The sling bullet barely misses the gnoll.
You feel very sick. The gnoll hits you but does no damage.
1509 ||| DROPPING amulet of magic regeneration.
You drop an amulet of magic regeneration.
You feel very sick.
The gnoll hits you from afar with a +0 spear of venom.
You are more poisoned.
You feel very sick.
You feel very sick.
You die...

#g #. #.
#)##########
#...........
#.#g########
#.#.# #.#.#
#.#@#
#.#.#########
..#.........#
###########.#
........##.#
...........#
#######.####
#.# #.#


You could see a gnoll.

Vanquished Creatures
  A gnoll (D:3)
  3 dart slugs
  An orc (D:2)
  6 ball pythons
  4 endoplasms
  3 giant cockroaches
  6 goblins
  2 hobgoblins
  6 jackals
  5 quokkas
  2 bats
  3 frilled lizards
  6 kobolds
  2 rats
50 creatures vanquished.

Notes
Turn   | Place    | Note
-------+----------+-------------------------------------------
     0 | D:1      | qw the Minotaur Hexslinger began the quest for the Orb.
     0 | D:1      | Reached XP level 1. HP: 16/16 MP: 1/1
     0 | D:1      | 0 ||| qw: Version: 0.3-a-46-gb1f654a
     0 | D:1      | 0 ||| qw: Game counter: 2253
     0 | D:1      | 0 ||| qw: Melee chars always use a shield: true
     0 | D:1      | 0 ||| qw: God list: Okawaru
     0 | D:1      | 0 ||| qw: Allow faded altars: false
     0 | D:1      | 0 ||| qw: Do Orc after clearing Dungeon:15 true
     0 | D:1      | 0 ||| qw: Do second Lair branch before Depths: true
     0 | D:1      | 0 ||| qw: Lair rune preference: random
     0 | D:1      | 0 ||| qw: Goals: Normal
     0 | D:1      | 0 ||| PLANNING D:1-11
    62 | D:1      | Reached skill level 3 in Ranged Weapons
    62 | D:1      | Reached XP level 2. HP: 19/23 MP: 2/2
   552 | D:1      | Reached XP level 3. HP: 29/29 MP: 3/3
   560 | D:1      | 560 ||| FLEEEEING.
   561 | D:1      | 561 ||| FLEEEEING.
   562 | D:1      | 562 ||| FLEEEEING.
   674 | D:1      | 674 ||| UPGRADING to +0 leather armour.
   684 | D:1      | 684 ||| DROPPING +0 robe.
   685 | D:1      | 685 ||| UPGRADING to +0 ring mail.
   695 | D:1      | 695 ||| DROPPING +0 leather armour.
   696 | D:1      | 696 ||| UPGRADING to ring of protection from cold.
   697 | D:1      | 697 ||| READING scroll labelled HIH JAMIPTUXOT.
   698 | D:1      | 698 ||| READING scroll labelled NAODGH BUAMAOHI.
   699 | D:1      | 699 ||| DROPPING scroll of poison.
   715 | D:2      | Found a sacrificial altar of Ru.
   762 | D:2      | 762 ||| Stepping ~*~*~tactically~*~*~ (water).
   770 | D:2      | Reached skill level 4 in Ranged Weapons
   896 | D:2      | Reached skill level 1 in Armour
  1306 | D:2      | 1306 ||| UPGRADING to +2 robe of willpower.
  1316 | D:2      | 1316 ||| DROPPING +0 ring mail.
  1317 | D:2      | 1317 ||| DROPPING ring of flight.
  1318 | D:2      | 1318 ||| READING scroll labelled FEWYDI GYMMOC.
  1319 | D:2      | 1319 ||| READING scroll labelled FEEM ORYRIUBB.
  1320 | D:2      | 1320 ||| DRINKING 2 coppery potions.
  1321 | D:2      | 1321 ||| DROPPING potion of degeneration.
  1412 | D:3      | Found Gowyl's Antique Armour Shop.
  1417 | D:3      | 1417 ||| SHOPLISTING glowing ring mail (147 gold, have
                  | 112).
  1417 | D:3      | 1417 ||| SHOPLISTING pair of brightly glowing boots (199
                  | gold, have 112).
  1417 | D:3      | 1417 ||| SHOPLISTING sheer robe (119 gold, have 112).
  1501 | D:3      | 1501 ||| Stepping ~*~*~tactically~*~*~ (outnumbered).
  1504 | D:3      | Reached XP level 4. HP: 36/36 MP: 4/4
  1509 | D:3      | 1509 ||| DROPPING amulet of magic regeneration.
  1510 | D:3      | HP: 6/36 [poisoned by a gnoll]
  1511 | D:3      | HP: 1/36 [poisoned by a gnoll]
  1512 | D:3      | Succumbed to a gnoll's poison

Levels and vault maps discovered:
D:1:      mrwooster_arrival_statue_2, layout_basic, minmay_cut_off
D:2:      layout_rooms, basic_altar, serial_rivers,
          chequers_serial_rivers_micro_c, chequers_serial_rivers_small_3,
          chequers_serial_rivers_room_a, chequers_serial_rivers_micro_c,
          chequers_serial_rivers_small_3, nicolae_figureground_sparkle
D:3:      layout_basic, mainiacjoe_overflow_alcove_1,
          hellmonk_ecumenical_altar_run_dry, serial_shops, shop, shop,
          nicolae_shop_behind_doors, shop

Skill      XL: |  1  2  3 |
---------------+----------+-----
Ranged Weapons | 3 4 |  4.4
Fighting       | 2 |  2.0
Armour         | 1 |  1.0
Dodging        | |  2.1
Spellcasting   | |  1.0
Hexes          | |  2.0

Action                     |  1- 3 |  4- 6 || total
---------------------------+-------+-------++-------
   Fire: Sling             |   148 |     5 ||   153
    Use: Scroll            |     4 |       ||     4
         Potion            |     1 |       ||     1
 Armour: Robe              |     6 |     1 ||     7
         Ring mail         |     8 |       ||     8
  Dodge: Dodged            |    39 |     3 ||    42

Table legend:
 A = Non-vault XP
 B = Vault XP
 C = Vault XP percentage of total XP
 D = Non-vault monster count
 E = Vault monster count
 F = Vault count percentage of total count
                 A         B        C        D         E       F
            +---------+---------+-------+---------+---------+-------
      Total |     100 |       7 |   6.5 |      46 |       4 |   8.0
            +---------+---------+-------+---------+---------+-------
        D:1 |      45 |       7 |  13.5 |      25 |       4 |  13.8
        D:2 |      41 |       0 |   0.0 |      20 |       0 |   0.0
        D:3 |      14 |       0 |   0.0 |       1 |       0 |   0.0
            +---------+---------+-------+---------+---------+-------
